 Dungeon Crawl Stone Soup version 0.19-a0-1532-g228a5d9 (webtiles) character file.

68 4thArraOfDagon the Ruffian (level 4, -4/39 HPs)
             Began as a Troll Ice Elementalist on Sept 13, 2016.
             Killed from afar by a gargoyle (14 damage)
             ... with a stone arrow
             ... on level 8 of the Dungeon.
             The game lasted 00:03:00 (487 turns).

4thArraOfDagon the Ruffian (Troll Ice Elementalist)  Turns: 487, Time: 00:03:01

Health: -4/39      AC:  5    Str: 16    XL:     4   Next: 1%
Magic:  4/4        EV: 10    Int: 12    God:
Gold:   81         SH:  0    Dex: 10    Spells: 1 memorised, 4 levels left

rFire  . . .     SeeInvis .       - Unarmed
rCold  . . .     Gourm    +     a - +0 robe
rNeg   . . .     Faith    .     (no shield)
rPois  .         Spirit   .     (helmet restricted)
rElec  .         Dismiss  .     (no cloak)
rCorr  .         Reflect  .     (gloves unavailable)
MR     .....     Harm     .     (boots unavailable)
Stlth  +......... Rnd*Tele +    (no amulet)
                                (no ring)
                                g - ring of teleportation (curse)

@: no status effects
A: unfitting armour, claws 3, fast metabolism 3, gourmand, regeneration 1,
shaggy fur 1, tough skin 2
a: no special abilities


You were on level 8 of the Dungeon.
You were not hungry.

You visited 1 branch of the dungeon, and saw 7 of its levels.

You collected 81 gold pieces.

Inventory:

Armour
 a - a +0 robe (worn)
Jewellery
 g - a cursed ring of teleportation (left claw)
Wands
 e - a wand of slowing (25/48)
Scrolls
 h - a scroll of amnesia
Potions
 f - a potion of lignification {unknown}
Books
 b - a book of Frost

   Spells                             Type                      Level
   a - Freeze                         Ice                          1
   b - Throw Frost                    Conjuration/Ice              2
   c - Ozocubu's Armour               Charms/Ice                   3
   d - Throw Icicle                   Conjuration/Ice              4
   e - Summon Ice Beast               Ice/Summoning                4
Comestibles
 c - 3 bread rations


   Skills:
 - Level 1.5 Dodging
 - Level 1.1 Stealth
 * Level 3.6 Unarmed Combat
 - Level 1.2 Spellcasting
   Level 0.6 Conjurations
 - Level 2.1 Ice Magic


You had 4 spell levels left.
You knew the following spells:

 Your Spells              Type           Power        Failure   Level  Hunger
a - Freeze                Ice            #...         12%         1    ##.....


Dungeon Overview and Level Annotations

Branches:
Dungeon (8/15)             Temple (0/1) D:5            Lair (0/6) D:8

Altars:

Annotations:
D:3 Iwannabefree's ghost, amateur HuWz


Innate Abilities, Weirdness & Mutations

You are too large for most types of armour.
You have claws for hands.
Your metabolism is lightning-fast.
You like to eat raw meat.
Your natural rate of healing is unusually fast.
You are covered in fur. (AC +1)
You have very tough skin. (AC +2)


Message History

Unknown command.
Unknown command.
Unknown command.
Enter note: WTF
Okay, then.
Unknown command.
Deactivating autopickup; reactivate with Ctrl-A.
You closely miss something.
The orc wizard shouts!
The yak bellows! x2; You hear a shout!
Something hits you! Something hits you.
The gargoyle hurls a stone arrow at you.
The stone arrow hits you!
The orc wizard mumbles some strange words.
The orc wizard seems to speed up.
Unknown command.
Something hits you.
* * * LOW HITPOINT WARNING * * *
The gargoyle hurls a stone arrow at you.
The stone arrow hits you!
You die...

#.........##.#
#.#..........#
.............#
#...........#
#..Y.Y.o....#
#..oYo......#
#........9.#
#.....@....#
##...s.....#
#.........#
#.........#
#.........#
#.........#
...........#
#......#####


You could see 3 yaks, a gargoyle, an orc priest, an orc wizard, an orc and a
giant cockroach.

Vanquished Creatures
  A crimson imp (D:7)
  A hound zombie (D:7)
  An adder (D:2)
  A giant gecko (D:3)
  2 bats (D:3)
  A giant cockroach (D:2)
  A hobgoblin (D:2)
  A quokka skeleton (D:7)
9 creatures vanquished.

Notes
Turn   | Place    | Note
-------+----------+-------------------------------------------
     0 | D:1      | 4thArraOfDagon the Troll Ice Elementalist began the quest for the Orb.
     0 | D:1      | Reached XP level 1. HP: 16/16 MP: 1/1
    26 | D:2      | Reached skill level 1 in Unarmed Combat
    26 | D:2      | Reached XP level 2. HP: 20/24 MP: 2/2
    76 | D:3      | Reached skill level 2 in Unarmed Combat
    90 | D:3      | Noticed Iwannabefree's ghost (amateur HuWz)
   188 | D:3      | Turgon: I wonder if amulet of harm is a good idea on a troll
   253 | D:4      | Turgon: with this little AC
   355 | D:5      | Entered Level 5 of the Dungeon
   360 | D:5      | 4thArraOfDagon: it doesnt much matter
   404 | D:5      | Noticed a centaur
   404 | D:5      | Noticed a crimson imp
   405 | D:5      | Noticed a scorpion
   405 | D:5      | Noticed a crimson imp
   407 | D:5      | You fall through a shaft for 2 floors!
   422 | D:7      | Reached XP level 3. HP: 29/31 MP: 3/3
   440 | D:7      | Reached skill level 3 in Unarmed Combat
   440 | D:7      | Reached XP level 4. HP: 39/39 MP: 4/4
   448 | D:7      | Noticed a black bear
   485 | D:8      | Found a staircase to the Lair.
   486 | D:8      | Noticed a yak
   486 | D:8      | Noticed a yak
   486 | D:8      | Noticed a yak
   486 | D:8      | Noticed a gargoyle
   486 | D:8      | WTF
   487 | D:8      | Killed from afar by a gargoyle

Vault maps used:
D:1:      mrwooster_arrival_arrow, minmay_misc_feat_diagonals
D:2:      kennysheep_donut, uniq_natasha
D:3:      first_bread, uniq_terence
D:4:      xom_teletrap_fun
D:5:      nicolae_dithmenos_through_a_glass_darkly, grunt_temple_overflow_open,
          lemuel_flamethrower_1
D:7:      uniq_prince_ribbit1
D:8:      hangedman_cross_stitches, dpeg_lair_monsters, special_room,
          serial_shops, shop_statue, uniq_grum

Skill      XL: |  1  2  3 |
---------------+----------+-----
Unarmed Combat | 1 2 3 |  3.6
Dodging        | |  1.5
Stealth        | |  1.1
Spellcasting   | |  1.2
Conjurations   | |  0.6
Ice Magic      | |  2.1

Action                   |  1- 3 |  4- 6 || total
-------------------------+-------+-------++-------
Melee: Unarmed           |    38 |     3 ||    41
  Use: Scroll            |     5 |       ||     5
 Stab: Sleeping          |     1 |       ||     1
  Eat: Chunk             |     3 |       ||     3
Armor: Robe              |    23 |     1 ||    24
Dodge: Dodged            |    20 |       ||    20
